 Dungeon Crawl Stone Soup version 0.29.0-4-gdea44cf6ec (webtiles) character file.

Game seed: 566674149126378696

1506 qw the Cleaver (level 8, 0/68 HPs)
             Began as a Ghoul Enchanter on Sept 7, 2022.
             Slain by Edmund
             ... wielding a +2 vorpal flail
              (4 damage)
             ... on level 6 of the Dungeon.
             The game lasted 00:03:32 (7268 turns).

qw the Cleaver (Ghoul Enchanter)                    Turns: 7268, Time: 00:03:32

Health: 0/68       AC: 15    Str: 18    XL:     8   Next: 82%
Magic:  9/9        EV: 11    Int: 10    God:
Gold:   109        SH:  0    Dex: 15    Spells: 10/10 levels left

rFire   x . .      SeeInvis .   Y - +0 war axe
rCold   + + .      Faith    .   (no shield)
rNeg    + + +      Spirit   .   e - +0 chain mail
rPois   inf        Reflect  .   i - +2 helmet
rElec   .          Harm     .   (no cloak)
rCorr   .          Rampage  .   b - +1 pair of gloves
Will    .....                   q - +0 pair of boots
Stlth   ..........              (no amulet)
HPRegen 0.00/turn               j - +4 ring of evasion
MPRegen 0.11/turn               c - ring of Rureef {Ice Str+4 Dex+6}

@: about to teleport, inhibited regen
A: claws 1, cold resistance 1, negative energy resistance 3, inhibited
regeneration, torment resistance 2, devour on kill
a: no special abilities


You were on level 6 of the Dungeon.
You visited 2 branches of the dungeon, and saw 7 of its levels.
You also visited: Ossuary.

You collected 224 gold pieces.
You spent 115 gold pieces at shops.


Innate Abilities, Weirdness & Mutations

You are immune to poison.
You have sharp fingernails.
Your flesh is cold resistant. (rC+)
You are immune to negative energy. (rN+++)
You do not regenerate when monsters are visible.
You are immune to unholy pain and torment.
You thrive by killing the living.


   Skills:
 - Level 5.0 Fighting
 - Level 0.8 Short Blades
 - Level 8.0 Axes
 - Level 3.0 Armour
 + Level 1.7 Dodging
 - Level 3.2 Stealth
 - Level 1.7 Spellcasting
 - Level 2.4 Hexes


You had 10 spell levels left.
You didn't know any spells.
Your spell library contained the following spells:

 Spells                   Type           Power      Damage    Failure   Level
 Ensorcelled Hibernation  Hex/Ice        8%         N/A       99%         2
 Confusing Touch          Hex            5%         N/A       99%         3
 Tukima's Dance           Hex            5%         N/A       99%         3
 Dazzling Flash           Conj/Hex       6%         N/A       100%        3

Inventory:

Hand Weapons
 d - a +0 flail
 Y - a +0 war axe (weapon)
Armour
 b - a +1 pair of gloves (worn)
 e - a +0 chain mail (worn)
 i - a +2 helmet (worn)
 q - a +0 pair of boots (worn)
Jewellery
 c - the ring of Rureef (right hand) {Ice Str+4 Dex+6}
   (You acquired it on level 4 of the Dungeon)

   [ring of ice]

   It enhances your ice magic.
   Str:       It affects your strength (+4).
   Dex:       It affects your dexterity (+6).
   rF:        It makes you vulnerable to fire.
   rC:        It protects you from cold.
 j - a +4 ring of evasion (left hand)
Scrolls
 f - a scroll of identify
 h - a scroll of teleportation
Potions
 a - 2 potions of curing
 g - a potion of might
 k - a potion of cancellation
 m - a potion of flight {unknown}
 o - a potion of mutation {unknown}

Dungeon Overview and Level Annotations

Branches:
Dungeon (6/15)             Temple (1/1) D:4         Ossuary (visited)

Altars:
Ashenzari
Dithmenos
Gozag
Hepliaklqana
Kikubaaqudgha
Makhleb
Nemelex Xobeh
Qazlal
Ru
Sif Muna
Trog
Uskayaw
Vehumet
Wu Jian
Yredelemnul

Shops:
D:1 =   D:3 :*   D:5 [

Annotations:
D:6 Edmund, Prince Ribbit


Message History

Prince Ribbit hops awkwardly around.
Edmund hits you with a +2 vorpal flail.
You hit Edmund but do no damage.
Edmund is moderately wounded.
Prince Ribbit blinks!
Edmund completely misses you.
You hit Edmund but do no damage.
Edmund is moderately wounded.
Edmund barely misses you.
You hit Edmund but do no damage.
Edmund is moderately wounded.
Edmund hits you with a +2 vorpal flail. Prince Ribbit barely misses you.
You slash Edmund!
Edmund is heavily wounded.
You slash Prince Ribbit! Prince Ribbit hits you.
Edmund hits you with a +2 vorpal flail.
You barely miss Edmund.
Edmund is heavily wounded.
You hit Prince Ribbit. Prince Ribbit hits you.
Edmund hits you with a +2 vorpal flail. Prince Ribbit hits you.
You barely miss Edmund.
Edmund is heavily wounded.
You closely miss Prince Ribbit. Prince Ribbit hits you!
Edmund closely misses you.
Prince Ribbit hits you but does no damage.
You closely miss Edmund.
Edmund is heavily wounded.
You slash Prince Ribbit! Edmund hits you with a +2 vorpal flail!
Prince Ribbit hits you but does no damage.
7267 ||| READING 2 scrolls of teleportation.
As you read the scroll of teleportation, it crumbles to dust.
You feel strangely unstable. Prince Ribbit barely misses you.
Edmund hits you but does no damage. Prince Ribbit hits you!
You hit Prince Ribbit.
Prince Ribbit is severely wounded.
You hit Edmund. Edmund hits you with a +2 vorpal flail.
You die...

#.#########.#.#.# #.
#.#.........#.#.# #.
#.#.#######.#.#.# #.
#.#.# #.#.#.###.
#.#.# #.#.#..<#.
#.#.#######.#......%
#..........>........
###.#######..######.
#@# #.........
#F@...# #..##.....
#.....# ##.##.....
#.....# #........
#....... ####.....
#......_. #.....
#........ #.....
#(#...#.. ......
......


You could see Edmund and Prince Ribbit.

Vanquished Creatures
  Sigmund (D:2)
  A black bear (D:5)
  2 ogres
  A phantom (D:5)
  2 necrophages
  3 scorpions
  A crimson imp (D:5)
  3 human zombies (Ossuary)
  A jelly (D:5)
  A centaur zombie (Ossuary)
  4 hounds
  2 iguanas
  2 orc wizards
  6 mummies (Ossuary)
  3 gnolls (D:5)
  9 adders
  A white imp (D:5)
  2 ufetubi
  A worm (D:5)
  2 dart slugs
  13 orcs
  9 endoplasms
  2 giant cockroaches
  6 goblins
  4 hobgoblins
  4 jackals (D:2)
  7 kobolds
  4 quokkas
  6 ball pythons
  5 bats
  3 frilled lizards
  2 gnoll zombies (Ossuary)
  A hobgoblin zombie (Ossuary)
  An orc zombie (Ossuary)
  5 rats
120 creatures vanquished.

Notes
Turn   | Place    | Note
-------+----------+-------------------------------------------
     0 | D:1      | qw the Ghoul Enchanter began the quest for the Orb.
     0 | D:1      | Reached XP level 1. HP: 14/14 MP: 2/2
     0 | D:1      | 0 ||| qw: Version: 0.1-a-108-g9e35731
     0 | D:1      | 0 ||| qw: Game counter: 6448
     0 | D:1      | 0 ||| qw: Always use a shield: true
     0 | D:1      | 0 ||| qw: God list: Okawaru
     0 | D:1      | 0 ||| qw: Allow faded altars: false
     0 | D:1      | 0 ||| qw: Do Orc after D:15 true
     0 | D:1      | 0 ||| qw: Do second Lair branch before Depths: true
     0 | D:1      | 0 ||| qw: Lair rune preference: random
     0 | D:1      | 0 ||| qw: Plans: Normal
     0 | D:1      | 0 ||| PLANNING D:1-11
    26 | D:1      | 26 ||| Stepping ~*~*~tactically~*~*~ (stealth).
   202 | D:1      | 202 ||| SWAPPING to +0 short sword.
   214 | D:1      | Reached skill level 1 in Axes
   350 | D:1      | 350 ||| DROPPING +1 dagger.
   462 | D:1      | 462 ||| SWAPPING to +0 whip.
   463 | D:1      | 463 ||| DROPPING +0 short sword.
   484 | D:1      | 484 ||| Stepping ~*~*~tactically~*~*~ (hiding).
   596 | D:1      | Reached skill level 1 in Fighting
   596 | D:1      | Reached XP level 2. HP: 20/23 MP: 3/3
   847 | D:1      | Found a faded altar of an unknown god.
  1357 | D:1      | 1357 ||| Stepping ~*~*~tactically~*~*~ (stealth).
  1360 | D:1      | 1360 ||| Stepping ~*~*~tactically~*~*~ (stealth).
  1364 | D:1      | 1364 ||| Stepping ~*~*~tactically~*~*~ (stealth).
  1459 | D:1      | Found Yrog's Jewellery Emporium.
  1463 | D:1      | 1463 ||| SHOPLISTING ring of Suspicion {Wiz Dex+3} (606
                  | gold, have 44).
  1463 | D:1      | 1463 ||| SHOPLISTING ring of protection from fire (350
                  | gold, have 44).
  1463 | D:1      | 1463 ||| SHOPLISTING ring of willpower (350 gold, have 44).
  1501 | D:1      | 1501 ||| Stepping ~*~*~tactically~*~*~ (stealth).
  1632 | D:1      | 1632 ||| UPGRADING to +0 chain mail.
  1642 | D:1      | 1642 ||| DROPPING +0 robe.
  1643 | D:1      | 1643 ||| UPGRADING to +0 helmet.
  1648 | D:1      | 1648 ||| UPGRADING to +4 ring of evasion.
  1649 | D:1      | 1649 ||| READING 3 scrolls labelled JASTRU VILEME.
  1650 | D:1      | 1650 ||| READING 2 scrolls of enchant armour.
  1650 | D:1      | 1650 ||| ENCHANTING +0 helmet.
  1651 | D:1      | 1651 ||| READING scroll of enchant armour.
  1651 | D:1      | 1651 ||| ENCHANTING +1 helmet.
  1652 | D:1      | 1652 ||| READING scroll labelled DOERUEMMYRGH.
  1653 | D:1      | 1653 ||| READING scroll labelled NOITAL BATZ.
  1654 | D:1      | 1654 ||| READING scroll labelled LOCVOAF YSCHEDUI.
  1655 | D:1      | 1655 ||| DRINKING 2 fizzy golden potions.
  1656 | D:1      | 1656 ||| DROPPING 2 potions of invisibility.
  1746 | D:2      | 1746 ||| Stepping ~*~*~tactically~*~*~ (stealth).
  1756 | D:2      | 1756 ||| Stepping ~*~*~tactically~*~*~ (stealth).
  1760 | D:2      | Reached skill level 2 in Axes
  1760 | D:2      | Reached XP level 3. HP: 28/28 MP: 4/4
  1764 | D:2      | 1764 ||| Stepping ~*~*~tactically~*~*~ (outnumbered).
  1766 | D:2      | 1766 ||| Stepping ~*~*~tactically~*~*~ (outnumbered).
  1768 | D:2      | 1768 ||| Stepping ~*~*~tactically~*~*~ (outnumbered).
  1809 | D:2      | 1809 ||| Stepping ~*~*~tactically~*~*~ (stealth).
  1837 | D:2      | 1837 ||| SWAPPING to +0 long sword.
  1858 | D:2      | 1858 ||| Stepping ~*~*~tactically~*~*~ (outnumbered).
  1860 | D:2      | 1860 ||| Stepping ~*~*~tactically~*~*~ (outnumbered).
  1862 | D:2      | 1862 ||| Stepping ~*~*~tactically~*~*~ (outnumbered).
  1868 | D:2      | Reached skill level 1 in Armour
  2344 | D:2      | Noticed Sigmund
  2359 | D:2      | 2359 ||| DRINKING potion of curing.
  2359 | D:2      | 2359 ||| (to cure confusion)
  2362 | D:2      | Killed Sigmund
  2363 | D:2      | Reached skill level 4 in Axes
  2363 | D:2      | Reached XP level 4. HP: 36/36 MP: 5/5
  2363 | D:2      | Reached XP level 5. HP: 41/41 MP: 6/6
  2363 | D:2      | Reached XP level 6. HP: 48/48 MP: 7/7
  2715 | D:2      | 2715 ||| UPGRADING to +0 pair of gloves.
  2745 | D:3      | 2745 ||| Stepping ~*~*~tactically~*~*~ (hiding).
  2781 | D:3      | 2781 ||| Stepping ~*~*~tactically~*~*~ (stealth).
  2783 | D:3      | 2783 ||| Stepping ~*~*~tactically~*~*~ (stealth).
  2785 | D:3      | 2785 ||| Stepping ~*~*~tactically~*~*~ (stealth).
  2799 | D:3      | Reached skill level 3 in Fighting
  2799 | D:3      | 2799 ||| Stepping ~*~*~tactically~*~*~ (outnumbered).
  2800 | D:3      | 2800 ||| Stepping ~*~*~tactically~*~*~ (outnumbered).
  2801 | D:3      | 2801 ||| Stepping ~*~*~tactically~*~*~ (outnumbered).
  2802 | D:3      | 2802 ||| Stepping ~*~*~tactically~*~*~ (outnumbered).
  2808 | D:3      | 2808 ||| Stepping ~*~*~tactically~*~*~ (outnumbered).
  2809 | D:3      | 2809 ||| Stepping ~*~*~tactically~*~*~ (outnumbered).
  2810 | D:3      | 2810 ||| Stepping ~*~*~tactically~*~*~ (outnumbered).
  2811 | D:3      | 2811 ||| Stepping ~*~*~tactically~*~*~ (outnumbered).
  2812 | D:3      | 2812 ||| Stepping ~*~*~tactically~*~*~ (outnumbered).
  2813 | D:3      | 2813 ||| Stepping ~*~*~tactically~*~*~ (outnumbered).
  3008 | D:3      | Found a faded altar of an unknown god.
  3146 | D:3      | Found a shadowy altar of Dithmenos.
  3204 | D:3      | Found an ancient bone altar of Kikubaaqudgha.
  3258 | D:3      | Found Nuikh's Book Emporium.
  3325 | D:3      | Found Renuezoc's General Store.
  3338 | D:3      | 3338 ||| SHOPLISTING +6 short sword "Faaseimu" {drain,
                  | Dex+2} (652 gold, have 89).
  3338 | D:3      | 3338 ||| BUYING potion of heal wounds (70 gold).
  3338 | D:3      | Bought a potion of heal wounds for 70 gold pieces
  3338 | D:3      | 3338 ||| SHOPLISTING scroll of enchant armour (105 gold,
                  | have 19).
  3564 | D:3      | Found a burning altar of Makhleb.
  3581 | D:3      | 3581 ||| DROPPING +0 whip.
  3617 | D:3      | 3617 ||| SWAPPING to +0 war axe.
  3618 | D:3      | 3618 ||| DROPPING +0 long sword.
  3853 | D:3      | 3853 ||| READING scroll labelled ISKUUW ISYSU.
  3854 | D:3      | 3854 ||| READING scroll labelled LIMUFA WINGU.
  3857 | D:3      | 3857 ||| READING 2 scrolls of identify.
  3857 | D:3      | 3857 ||| IDENTIFYING pink potion
  3858 | D:3      | 3858 ||| DROPPING potion of degeneration.
  3888 | D:4      | 3888 ||| PLANNING OSSUARY
  3918 | D:4      | Found a sand-covered staircase.
  3919 | D:4      | 3919 ||| READING scroll labelled TIOVUV IMATZ.
  3920 | D:4      | 3920 ||| READING scroll labelled QIWEAH UHOPS.
  3920 | D:4      | Identified a scroll of acquirement
  3920 | D:4      | 3920 ||| ACQUIRING ring of Rureef {Ice Str+4 Dex+6}
  3920 | D:4      | Acquired the ring of Rureef {Ice Str+4 Dex+6}
  3922 | D:4      | 3922 ||| UPGRADING to ring of Rureef {Ice Str+4 Dex+6}.
  3926 | Ossuary  | Entered an ossuary
  3965 | Ossuary  | Reached skill level 5 in Axes
  3966 | Ossuary  | HP: 11/51 [mummy (4)]
  3967 | Ossuary  | 3967 ||| DRINKING potion of heal wounds.
  4138 | Ossuary  | Reached XP level 7. HP: 55/57 MP: 8/8
  4433 | Ossuary  | 4433 ||| READING scroll labelled CULUARICWU.
  4434 | Ossuary  | 4434 ||| READING scroll labelled ROUGOKHL RUODU.
  4435 | Ossuary  | 4435 ||| READING scroll labelled BUFFAI ZIAFIXTA.
  4436 | Ossuary  | 4436 ||| DRINKING 2 glowing golden potions.
  4437 | Ossuary  | 4437 ||| READING 3 scrolls of identify.
  4437 | Ossuary  | 4437 ||| IDENTIFYING fuming green potion
  4438 | Ossuary  | 4438 ||| READING 2 scrolls of identify.
  4438 | Ossuary  | 4438 ||| IDENTIFYING fizzy dark potion
  4439 | Ossuary  | 4439 ||| DROPPING potion of berserk rage.
  4457 | D:4      | 4457 ||| PLANNING D:1-11
  4735 | D:4      | Found a staircase to the Ecumenical Temple.
  4736 | D:4      | 4736 ||| PLANNING TEMPLE
  4741 | Temple   | Entered the Ecumenical Temple
  4895 | Temple   | 4895 ||| PLANNING D:1-11
  5421 | D:4      | 5421 ||| DROPPING +3 ring mail.
  5422 | D:4      | 5422 ||| READING scroll labelled ATI VUDI EMNATH.
  5674 | D:5      | Entered Level 5 of the Dungeon
  5782 | D:5      | 5782 ||| READING scroll of enchant armour.
  5782 | D:5      | 5782 ||| ENCHANTING +0 pair of gloves.
  5797 | D:5      | Reached skill level 6 in Axes
  6033 | D:5      | 6033 ||| DROPPING +0 whip of venom.
  6133 | D:5      | Reached XP level 8. HP: 56/66 MP: 9/9
  6219 | D:5      | Reached skill level 7 in Axes
  6275 | D:5      | 6275 ||| Stepping ~*~*~tactically~*~*~ (hiding).
  6441 | D:5      | Found Posiep's Armour Shop.
  6550 | D:5      | 6550 ||| BUYING +0 pair of boots (45 gold).
  6550 | D:5      | Bought a +0 pair of boots for 45 gold pieces
  6550 | D:5      | 6550 ||| SHOPLISTING +1 cloak of willpower (165 gold, have
                  | 52).
  6550 | D:5      | 6550 ||| SHOPLISTING +2 chain mail of poison resistance
                  | (185 gold, have 52).
  6844 | D:5      | 6844 ||| UPGRADING to +0 pair of boots.
  6849 | D:5      | 6849 ||| DROPPING ring of magical power.
  6850 | D:5      | 6850 ||| READING scroll labelled BAIWIH ERUFO.
  6851 | D:5      | 6851 ||| READING scroll labelled LAETRE VUMYE.
  6986 | D:6      | 6986 ||| Stepping ~*~*~tactically~*~*~ (stealth).
  6991 | D:6      | Reached skill level 3 in Armour
  7063 | D:6      | Found a sparkling altar of Nemelex Xobeh.
  7213 | D:6      | Reached skill level 8 in Axes
  7258 | D:6      | Found a hazy altar of Hepliaklqana.
  7258 | D:6      | Noticed Edmund
  7258 | D:6      | Noticed Prince Ribbit
  7266 | D:6      | HP: 16/68 [Edmund/+2 vorpal flail (12)]
  7267 | D:6      | 7267 ||| READING 2 scrolls of teleportation.
  7267 | D:6      | HP: 4/68 [Prince Ribbit (11)]
  7268 | D:6      | Slain by Edmund

Levels and vault maps discovered:
D:1:      wander_arrival_fairy_ring, layout_basic, serial_shops,
          nicolae_shop_stone, ebering_ecumenical_altar_ruins
D:2:      layout_loops_ring, uniq_sigmund
D:3:      layout_loops_corners, mainiacjoe_overflow_small_starburst,
          old_standard_altar, nicolae_overflow_ecumenical_swirl,
          grunt_dithmenos_smoke_and_mirrors, serial_shops, nicolae_square_shop,
          nicolae_square_shop, grunt_ministairs_2
D:4:      layout_gridville, minmay_temple_entry_hall, enter_ossuary_5
D:5:      layout_loops_ring, serial_shops, nicolae_stop_n_shop_2,
          minmay_fire_ice_demons
D:6:      minmay_polygon_palace, layout_basic,
          nicolae_overflow_quartered_altars, fedhas_altar_4,
          mainiacjoe_overflow_alcove_1, grunt_decor_fettered, uniq_grinder,
          uniq_edmund, uniq_prince_ribbit1, uniq_eustachio
Temple:   nicolae_temple_bog_church

Skill      XL: |  1  2  3  4  5  6  7  8 |
---------------+-------------------------+-----
Axes           | 1 2 4 5 6 8 |  8.0
Fighting       | 1 2 3 4 5 |  5.0
Armour         | 1 2 3 |  3.0
Short Blades   | |  0.8
Dodging        | |  1.7
Stealth        | |  3.2
Spellcasting   | |  1.7
Hexes          | |  2.4

Action                   |  1- 3 |  4- 6 |  7- 9 || total
-------------------------+-------+-------+-------++-------
Melee: Dagger            |    10 |       |       ||    10
       Short sword       |    10 |       |       ||    10
       Whip              |   101 |       |       ||   101
       Long sword        |    73 |   128 |       ||   201
       War axe           |       |    45 |   226 ||   271
       Punch             |       |       |     5 ||     5
  Use: Scroll            |     6 |     5 |    10 ||    21
       Potion            |     2 |     1 |     1 ||     4
 Stab: Sleeping          |     1 |       |       ||     1
Armor: Robe              |    12 |       |       ||    12
       Chain mail        |   115 |   148 |   102 ||   365
Dodge: Dodged            |   145 |   153 |   122 ||   420

Table legend:
 A = Non-vault XP
 B = Vault XP
 C = Vault XP percentage of total XP
 D = Non-vault monster count
 E = Vault monster count
 F = Vault count percentage of total count
                 A         B        C        D         E       F
            +---------+---------+-------+---------+---------+-------
      Total |    1551 |     601 |  27.9 |     101 |      19 |  15.8
            +---------+---------+-------+---------+---------+-------
        D:1 |      29 |       0 |   0.0 |      16 |       0 |   0.0
        D:2 |      79 |     243 |  75.5 |      28 |       1 |   3.4
        D:3 |      84 |      16 |  16.0 |      14 |       2 |  12.5
        D:4 |     152 |       0 |   0.0 |      10 |       0 |   0.0
        D:5 |     669 |      58 |   8.0 |      23 |       2 |   8.0
        D:6 |     538 |       0 |   0.0 |      10 |       0 |   0.0
    Ossuary |       0 |     284 | 100.0 |       0 |      14 | 100.0
            +---------+---------+-------+---------+---------+-------
